 Dungeon Crawl Stone Soup version 0.28-a0-1518-gbe868bca14 (webtiles) character file.

Game seed: 9991580629745216202

39 issech the Vexing (level 3, -3/20 HPs)
             Began as a Deep Elf Arcane Marksman on Jan 17, 2022.
             Slain by a gnoll (5 damage)
             ... on level 2 of the Dungeon.
             The game lasted 00:10:35 (1781 turns).

issech the Vexing (Deep Elf Arcane Marksman)        Turns: 1781, Time: 00:10:35

Health: -3/20      AC: 10    Str:  7    XL:     3   Next: 26%
Magic:  7/7        EV:  8    Int: 17    God:
Gold:   56         SH:  0    Dex: 17    Spells: 4/5 levels left

rFire   . . .      SeeInvis .   a - +0 shortbow
rCold   . . .      Faith    .   (shield currently unavailable)
rNeg    . . .      Spirit   .   s - +0 scale mail
rPois   .          Reflect  .   (no helmet)
rElec   .          Harm     .   (no cloak)
rCorr   .          Rampage  .   l - +1 pair of gloves
Will    .....                   i - +1 pair of boots
Stlth   ..........              (no amulet)
HPRegen 0.06/turn               (no ring)
MPRegen 0.10/turn               (no ring)

@: no status effects
A: no striking features
a: no special abilities


You were on level 2 of the Dungeon.
You visited 1 branch of the dungeon, and saw 2 of its levels.

You collected 56 gold pieces.

Inventory:

Hand Weapons
 a - a +0 shortbow (weapon)
 g - a +0 club
 j - a +0 short sword
 m - a +0 dagger
 p - a +0 club
 q - a +0 club
 u - a +0 club
Missiles
 c - 4 arrows (quivered ammo)
 e - 48 bolts
 f - 99 stones
 k - a throwing net
Armour
 d - a +0 robe
 h - a +0 leather armour
 i - a +1 pair of boots (worn)
 l - a +1 pair of gloves (worn)
 s - a +0 scale mail (worn)
Magical Staves
 b - a staff of cold
Scrolls
 n - 2 scrolls of identify
 r - a scroll of teleportation {unknown}
Potions
 o - a potion of lignification {unknown}
 t - a potion of ambrosia {unknown}


   Skills:
 + Level 0.9 Fighting
 + Level 4.1 Bows
 + Level 2.7 Dodging
 + Level 1.6 Spellcasting
 + Level 4.5 Hexes


You had 4 spell levels left.
You knew the following spells:

 Your Spells              Type           Power      Damage    Failure   Level
a - Slow                  Hex            64%        N/A       38%         1

Your spell library contained the following spells:

 Spells                   Type           Power      Damage    Failure   Level
 Inner Flame              Hex/Fire       9%         N/A       97%         3
 Portal Projectile        Hex/Tloc       18%        N/A       97%         3
 Cause Fear               Hex            8%         N/A       99%         4


Dungeon Overview and Level Annotations

Branches:
Dungeon (2/15)

Altars:


Message History

The gnoll is heavily wounded.
The gnoll hits you but does no damage. The gnoll closely misses you.
The gnoll hits you from afar with a +0 spear.
Fire: 9 arrows
Press: ? - help, Q - select action, (/) - cycle Shift-Dir - straight line, f/p - gnoll
Aim: a gnoll, wielding a +0 club (heavily wounded, 65% to hit)
You shoot an arrow. The arrow hits the gnoll.
The gnoll is severely wounded.
The gnoll barely misses you. x2
Fire: 8 arrows
Press: ? - help, Q - select action, (/) - cycle Shift-Dir - straight line, f/p - gnoll
Aim: a gnoll, wielding a +0 club (severely wounded, 65% to hit)
You shoot an arrow.
The arrow hits the gnoll but does no damage.
The gnoll is severely wounded.
The gnoll hits you with a +0 club!
The gnoll hits you from afar with a +0 spear.
Fire: 7 arrows
Press: ? - help, Q - select action, (/) - cycle Shift-Dir - straight line, f/p - gnoll
Aim: a gnoll, wielding a +0 club (severely wounded, 65% to hit)
You shoot an arrow. The arrow barely misses the gnoll.
The arrow hits the gnoll but does no damage.
The gnoll hits you with a +0 club.
The gnoll hits you from afar with a +0 spear.
* * * LOW HITPOINT WARNING * * *
Fire: 6 arrows
Press: ? - help, Q - select action, (/) - cycle Shift-Dir - straight line, f/p - gnoll
Aim: a gnoll, wielding a +0 club (severely wounded, 65% to hit)
You shoot an arrow. The arrow barely misses the gnoll.
The arrow hits the gnoll.
The gnoll is lightly wounded.
The gnoll hits you but does no damage. x2
Fire: 5 arrows
Press: ? - help, Q - select action, (/) - cycle Shift-Dir - straight line, f/p - gnoll
Aim: a gnoll, wielding a +0 club (severely wounded, 65% to hit)
You shoot an arrow. The arrow hits the gnoll.
The gnoll is almost dead.
The gnoll closely misses you.
The gnoll hits you from afar with a +0 spear.
You die...

### #.##.##.# ..#
#.##.##.# #.>....
..##.##.# #######
####.##.# #.##.#
#.##.# #.##.# ##.#
#.##.# ...# #@##.#
...>#
#######g##.#######
##..#
......gg........<.
.#
#######.######....
..(# ## ....(.
#######


You could see 3 gnolls.

Vanquished Creatures
  A worm (D:2)
  A dart slug (D:1)
  2 ball pythons
  An endoplasm (D:1)
  A giant cockroach (D:1)
  5 goblins
  3 hobgoblins
  4 jackals (D:2)
  2 kobolds (D:1)
  3 bats (D:1)
  2 frilled lizards (D:1)
  7 rats
32 creatures vanquished.

Notes
Turn   | Place    | Note
-------+----------+-------------------------------------------
     0 | D:1      | issech the Deep Elf Arcane Marksman began the quest for the
                  | Orb.
     0 | D:1      | Reached XP level 1. HP: 11/11 MP: 5/5
   280 | D:1      | Reached XP level 2. HP: 16/16 MP: 6/6
  1362 | D:2      | Reached XP level 3. HP: 20/20 MP: 7/7
  1781 | D:2      | Slain by a gnoll

Illustrated notes

Levels and vault maps discovered:
D:1:      dpeg_arrival_subterranean_lakeside_camping, layout_basic,
          hangedman_feature_mirror
D:2:      layout_loops_ring, st_stairs_7

Skill      XL: |  1  2  3 |
---------------+----------+-----
Bows           | 3 4 |  4.1
Fighting       | |  0.9
Dodging        | |  2.7
Spellcasting   | |  1.6
Hexes          | |  4.5

Action                   || total
-------------------------++-------
 Fire: Shortbow          ||   111
  Use: Scroll            ||     1
Armor: Robe              ||     8
       Leather armour    ||     7
       Scale mail        ||    16
Dodge: Dodged            ||    46

Table legend: (Time is in decaauts)
 A = Elapsed time spent in this place.
 B = Non-inter-level travel time spent in this place.
 C = Inter-level travel time spent in this place.
 D = Time resting spent in this place.
 E = Time spent auto-exploring this place.
 F = Levels seen in this place.
 G = Mean time per level.
                   A        B        C        D        E       F      G
               +--------+--------+--------+--------+--------+-----+--------+
         Total |   1804 |   1804 |      0 |    194 |    264 |   2 |  902.0 |
       Dungeon |   1804 |   1804 |      0 |    194 |    264 |   2 |  902.0 |
               +--------+--------+--------+--------+--------+-----+--------+

Top non-repeatable levels by time:
     D:1: 1327 daAuts
     D:2: 477 daAuts
